 Dungeon Crawl Stone Soup version 0.23-a0-642-g3120c2f (webtiles) character file.

12307 mhoghedin the Fighter (level 12, -9/81 HPs)
             Began as a Kobold Berserker on Dec 30, 2018.
             Was a High Priest of Trog.
             Mangled by a blink frog (13 damage)
             ... on level 1 of the Lair of Beasts.
             The game lasted 00:28:28 (11896 turns).

mhoghedin the Fighter (Kobold Berserker)           Turns: 11896, Time: 00:28:29

Health: -9/81      AC: 13    Str: 19    XL:     12   Next: 18%
Magic:  19/19      EV: 13    Int: 12    God:    Trog [*****.]
Gold:   770        SH:  3    Dex: 17    Spells: 11/11 levels left

rFire    . . .     SeeInvis .   a - +0 dagger (elec)
rCold    . . .     Gourm    .   (shield restricted)
rNeg     + . .     Faith    .   f - +0 plate armour "Jainlixa" {Int+4 Dex+2}
rPois    +         Spirit   .   g - +0 helmet
rElec    .         Reflect  +   (no cloak)
rCorr    .         Harm     .   t - +1 pair of gloves {archery}
MR       ++...                  (no boots)
Stlth    ..........             m - +3 amulet of reflection
HPRegen  1.23/turn              n - ring of positive energy {rN+}
MPRegen  0.16/turn              j - ring of poison resistance {rPois, !d}

@: regenerating
A: small, carnivore
a: Berserk, Trog's Hand, Brothers in Arms, Renounce Religion


You were on level 1 of the Lair of Beasts.
You worshipped Trog.
Trog was extremely pleased with you.
You were not hungry.

You visited 2 branches of the dungeon, and saw 10 of its levels.
You also visited: Sewer and Ice Cave.

You collected 770 gold pieces.

Inventory:

Hand Weapons
 a - a +0 dagger of electrocution (weapon)
   (You took it off a goblin on level 2 of the Dungeon)
 b - a +1 antimagic rapier
   (Trog gifted it to you on level 7 of the Dungeon)
Missiles
 B - 7 needles of frenzy
Armour
 f - the +0 plate armour "Jainlixa" (worn) {Int+4 Dex+2}
   (You found it in an ice cave)

   It affects your intelligence (+4).
   It affects your dexterity (+2).
 g - a +0 helmet (worn)
   (You took it off Robin on level 2 of the Dungeon)
 t - a +1 pair of gloves of archery (worn)
   (You found it on level 5 of the Dungeon)
 A - a +0 scale mail of magic resistance
   (You found it in an ice cave)
 C - a +1 ring mail of cold resistance
   (You found it on level 8 of the Dungeon)
Jewellery
 j - a ring of poison resistance (right hand) {rPois, !d}
   (You found it on level 7 of the Dungeon)
 m - a +3 amulet of reflection (around neck)
   (You found it on level 5 of the Dungeon)
 n - a ring of positive energy (left hand) {rN+}
   (You found it on level 3 of the Dungeon)
 v - an uncursed ring of magical power {MP+9}
   (You found it on level 5 of the Dungeon)
 G - an uncursed ring of protection from magic {MR+, !d}
   (You found it on level 9 of the Dungeon)
Wands
 h - a wand of paralysis (6)
   (You found it on level 5 of the Dungeon)
 z - a wand of acid (3)
   (You found it on level 3 of the Dungeon)
Scrolls
 d - 4 scrolls of remove curse
 e - a scroll of magic mapping {!r}
 k - 6 scrolls of teleportation
 l - a scroll of enchant weapon
 p - a scroll of random uselessness {unknown}
 w - 3 scrolls of blinking {!r}
 x - 2 scrolls of fog
 y - a scroll of brand weapon
 F - 2 scrolls of enchant armour
Potions
 i - a potion of haste
 o - 4 potions of heal wounds
 q - 5 potions of curing
 s - 5 potions of flight
 u - 3 potions of lignification {!q}
Comestibles
 c - 14 rations


   Skills:
 + Level 12.1 Fighting
 - Level 10.0 Short Blades
 - Level 1.5 Armour
 + Level 10.1 Dodging
 - Level 10.0 Stealth
 + Level 9.7 Evocations


You had 11 spell levels left.
You didn't know any spells.
Your spell library was empty.

Dungeon Overview and Level Annotations

Branches:
Dungeon (9/15)               Lair (1/6) D:9
 Temple: D:4-7          Orc: D:9-12

Altars:
Dithmenos
Fedhas
Nemelex Xobeh

Shops:
D:6 [(*


Innate Abilities, Weirdness & Mutations

You are small and have problems with some larger weapons.
You are carnivorous and can eat meat at any time.


Message History

The blink frog blinks!
The blink frog hits you. The blink frog closely misses you.
You take 1 damage, and have 43/81 hp.
The blink frog closely misses you.
The blink frog blinks!
The blink frog blinks!
The blink frog blinks!
Something hits the fungus!
Something hits the fungus.
The blink frog hits you but does no damage.
The blink frog blinks!
Okay, then.
Unknown command.
The blink frog barely misses you.
You miss the blink frog. The blink frog hits you.
You take 4 damage, and have 41/81 hp.
Your skin crawls.
You feel resistant to hostile enchantments.
You feel somewhat more hungry.
The blink frog hits you but does no damage.
You regained 2 hp, and now have 43/81 hp.
You hit the blink frog but do no damage.
Lightning courses through the blink frog!
The blink frog blinks!
You swing at nothing.
The blink frog blinks!
You swing at nothing.
You hit the blink frog.
The blink frog blinks!
You hit the blink frog but do no damage.
The blink frog closely misses you.
You miss the blink frog.
The blink frog blinks!
You swing at nothing.
You swing at nothing.
Your plate armour "Jainlixa" prevents you from hitting the blink frog.
The blink frog blinks!
You hit the blink frog but do no damage.
Lightning courses through the blink frog!
The blink frog closely misses you.
You miss the blink frog.
The blink frog blinks!
The blink frog misses you.
You hit the blink frog. You hit the blink frog.
The blink frog blinks!
You swing at nothing.
You swing at nothing.
You swing at nothing.
The blink frog hits you but does no damage.
You swing at nothing.
The blink frog blinks!
You regained 2 hp, and now have 53/81 hp.
You swing at nothing.
The blink frog closely misses you.
You swing at nothing.
The blink frog blinks!
You block the blink frog's attack.
You swing at nothing.
You swing at nothing.
The blink frog barely misses you.
You swing at nothing.
The blink frog hits you.
You take 4 damage, and have 51/81 hp.
You swing at nothing.
You swing at nothing.
The blink frog hits you but does no damage.
The blink frog blinks!
You swing at nothing.
The blink frog hits you.
You swing at nothing.
You feel the effects of Trog's Hand fading.
The blink frog barely misses you.
You take 3 damage, and have 49/81 hp.
You hit the blink frog.
Lightning courses through the blink frog!
You miss the blink frog.
The blink frog hits you but does no damage.
You hit the blink frog. The blink frog misses you.
You closely miss the blink frog. The blink frog hits you!
The blink frog blinks! x2
You take 13 damage, and have 37/81 hp.
You hit the blink frog. The blink frog barely misses you.
Your plate armour "Jainlixa" prevents you from hitting the blink frog.
The blink frog blinks!
You swing at nothing.
You swing at nothing.
You swing at nothing.
You closely miss the blink frog. The blink frog hits you. x2
The blink frog blinks!
You take 6 damage, and have 34/81 hp.
You swing at nothing.
The blink frog blinks!
The blink frog hits you!
* * * LOW HITPOINT WARNING * * *
The blink frog blinks!
You swing at nothing.
Your skin stops crawling.
You feel less resistant to hostile enchantments.
The blink frog blinks!
You take 12 damage, and have 22/81 hp.
The blink frog blinks!
The blink frog hits you!
* * * LOW HITPOINT WARNING * * *
You take 6 damage, and have 16/81 hp.
You hit the blink frog.
Lightning courses through the blink frog!
You barely miss the blink frog. You block the blink frog's attack.
The blink frog misses you.
You closely miss the blink frog. The blink frog barely misses you.
The blink frog hits you!
* * * LOW HITPOINT WARNING * * *
You take 13 damage, and have 3/81 hp.
Unknown command.
Your skin crawls.
You feel resistant to hostile enchantments.
You feel somewhat more hungry. The blink frog hits you!
You die...

,>,,,*,,,=.,#.....,*,,***
,,,,,,,,,,..##....**,,,,* *##
,,*,*,,,,*,......##***,.####P##
*,,,*,,,,,,,*#...P# *,..P#...#
*,*,,,,,,**,*#....## ###......#*
**,,,,,...#|.,#....###.........*
*,,,,,.......,##.#..........###*
,,,,,,.......,*#F##.#.........#
*,,,,,#..#...**#@#####........#
*,,,,,##..../* #F###.##.......#
*,,,,,#......###F#...##.<.#.###
**,,,,.......P#......##...#*#
,,,,,,#.!.$..........###P.#
,,,,,,#.....รท#......#######
,,,,*,.#..........##....#*
,*,,*,.......P....P......*
,,,,,*#...../...#........****


You could see 3 blink frogs.

Vanquished Creatures
  Erolcha (D:9)
  A two-headed ogre (D:7)
  Pikel (D:9)
  A necromancer (IceCv)
  A cyclops (D:7)
  A manticore (D:7)
  3 ice statues (IceCv)
  9 ice devils (IceCv)
  A blink frog (Lair:1)
  A hornet (D:8)
  A troll (D:9)
  2 hippogriffs
  2 yaks (D:9)
  2 hungry ghosts (D:7)
  2 orc warriors
  A sky beast (D:6)
  2 slaves (D:9)
  An ice beast (D:9)
  A black bear (D:6)
  5 ogres
  4 necrophages
  2 phantoms
  5 centaurs
  A crocodile (Lair:1)
  A big kobold (Sewer)
  A gnoll sergeant (D:9)
  5 bullfrogs
  4 scorpions
  A water moccasin skeleton (D:3)
  5 killer bees
  4 howler monkeys
  4 wights
  5 crimson imps
  2 draconian simulacra (IceCv)
  4 hounds
  2 centaur skeletons
  A gnoll shaman (D:6)
  3 orc priests
  2 jellies
  Terence (D:2)
  4 iguanas
  4 worker ants
  A troll simulacrum (IceCv)
  2 centaur simulacra (IceCv)
  A hound zombie (D:6)
  A hound skeleton (D:3)
  A howler monkey skeleton (D:3)
  A worker ant zombie (D:6)
  Robin (D:2)
  11 gnolls
  6 river rats
  10 adders
  4 naga simulacra (IceCv)
  An ogre simulacrum (IceCv)
  3 shadow imps
  3 oozes
  An adder skeleton (D:6)
  4 worms
  A dart slug (D:1)
  3 leopard geckos
  14 orcs
  7 ball pythons
  7 bats
  6 giant cockroaches
  14 goblins
  6 hobgoblins
  3 jackals (D:9)
  4 quokkas
  A ball python zombie (D:3)
  8 frilled lizards
  A giant cockroach zombie (D:3)
  A jackal skeleton (D:6)
  2 jackal zombies
  24 kobolds
  A leopard gecko skeleton (D:3)
  A leopard gecko zombie (D:3)
  2 quokka skeletons
  A quokka zombie (D:3)
  31 rats
  A bush (D:6)
294 creatures vanquished.

Vanquished Creatures (collateral kills)
  3 yaks (D:9)
3 creatures vanquished.

Vanquished Creatures (others)
  2 goblins (D:2)
  9 plants
11 creatures vanquished.

Grand Total: 308 creatures vanquished

Notes
Turn   | Place    | Note
-------+----------+-------------------------------------------
     0 | D:1      | mhoghedin the Kobold Berserker began the quest for the Orb.
     0 | D:1      | Reached XP level 1. HP: 14/14 MP: 1/1
   323 | D:1      | Reached skill level 1 in Stealth
   336 | D:1      | Reached XP level 2. HP: 19/19 MP: 2/2
   707 | D:1      | Reached XP level 3. HP: 16/24 MP: 3/3
   850 | D:1      | Reached skill level 2 in Stealth
  1039 | D:2      | Reached ** piety under Trog
  1235 | D:2      | Noticed Robin
  1259 | D:2      | HP: 6/24 [hobgoblin/+0 club[Robin] (1)]
  1312 | D:2      | Killed Robin
  1312 | D:2      | Reached skill level 4 in Fighting
  1312 | D:2      | Reached XP level 4. HP: 29/29 MP: 4/4
  1394 | D:2      | Reached skill level 5 in Short Blades
  1426 | D:2      | Reached skill level 3 in Stealth
  1457 | D:2      | Noticed Terence
  1506 | D:2      | Reached XP level 5. HP: 23/34 MP: 5/5
  1542 | D:2      | Killed Terence
  1752 | D:3      | Reached skill level 4 in Stealth
  1901 | D:3      | Reached XP level 6. HP: 39/39 MP: 6/6
  2034 | D:3      | Reached skill level 6 in Short Blades
  2044 | D:3      | Reached skill level 5 in Fighting
  2047 | D:3      | Reached skill level 5 in Stealth
  2052 | D:3      | Reached *** piety under Trog
  2360 | D:3      | Reached XP level 7. HP: 44/44 MP: 7/7
  2659 | D:4      | You fall through a shaft!
  2659 | D:5      | Entered Level 5 of the Dungeon
  2752 | D:5      | Reached skill level 6 in Stealth
  2757 | D:5      | HP: 8/45 [orc warrior/+0 hand axe (6)]
  2759 | D:5      | Reached skill level 7 in Short Blades
  2819 | D:5      | Reached skill level 6 in Fighting
  2819 | D:5      | Reached XP level 8. HP: 29/51 MP: 8/8
  2964 | D:5      | Reached skill level 7 in Stealth
  3082 | D:5      | Found a glowing drain.
  3109 | Sewer    | Entered a sewer
  3230 | Sewer    | Reached **** piety under Trog
  3274 | Sewer    | Reached skill level 8 in Short Blades
  3945 | D:5      | Found Nadichin's Weapon Shoppe.
  4313 | D:5      | Reached skill level 7 in Fighting
  4342 | D:5      | Reached skill level 8 in Stealth
  4389 | D:6      | Found a blossoming altar of Fedhas.
  4405 | D:6      | Found Vanuoq's Assorted Antiques.
  4528 | D:6      | Reached skill level 9 in Short Blades
  4528 | D:6      | Reached XP level 9. HP: 40/57 MP: 9/9
  4780 | D:6      | Found Ikat's Weapon Shoppe.
  4804 | D:6      | Found Nouguok's Armour Boutique.
  4851 | D:6      | Reached skill level 9 in Stealth
  5081 | D:6      | Reached skill level 8 in Fighting
  5461 | D:6      | Reached ***** piety under Trog
  5465 | D:6      | Reached skill level 10 in Short Blades
  5472 | D:6      | Reached skill level 10 in Stealth
  5546 | D:7      | Noticed a two-headed ogre
  5556 | D:7      | HP: 5/59 [two-headed ogre/+0 giant spiked club (34)]
  5556 | D:7      | HP: 1/59 [two-headed ogre/+0 giant spiked club (4)]
  5560 | D:7      | Killed a two-headed ogre
  5560 | D:7      | Reached skill level 9 in Fighting
  5560 | D:7      | Reached skill level 4 in Dodging
  5560 | D:7      | Reached skill level 3 in Evocations
  5560 | D:7      | Reached XP level 10. HP: 2/65 MP: 12/12
  6359 | D:7      | Reached skill level 4 in Evocations
  6366 | D:7      | Noticed a manticore
  6378 | D:7      | HP: 14/65 [barbs]
  6380 | D:7      | HP: 4/65 [barbs]
  6512 | D:7      | Killed a manticore
  6512 | D:7      | Reached skill level 5 in Dodging
  6682 | D:7      | Reached skill level 5 in Evocations
  6923 | D:7      | Reached skill level 6 in Dodging
  6924 | D:7      | Reached skill level 10 in Fighting
  6943 | D:7      | Found a shadowy altar of Dithmenos.
  7223 | D:7      | Noticed a cyclops
  7232 | D:7      | Killed a cyclops
  7232 | D:7      | Reached skill level 6 in Evocations
  7343 | D:7      | Received a gift from Trog
  7691 | D:8      | Reached skill level 7 in Dodging
  7924 | D:8      | Reached XP level 11. HP: 69/73 MP: 15/15
  8001 | D:8      | Found a sparkling altar of Nemelex Xobeh.
  8889 | D:9      | Found a staircase to the Lair.
  8956 | D:9      | Reached skill level 7 in Evocations
  9108 | D:9      | Noticed Erolcha
  9116 | D:9      | Killed Erolcha
  9116 | D:9      | Reached skill level 11 in Fighting
  9116 | D:9      | Reached skill level 8 in Dodging
  9198 | D:9      | Reached skill level 8 in Evocations
  9569 | D:9      | Noticed Pikel
  9599 | D:9      | Killed Pikel
  9798 | Lair:1   | Entered Level 1 of the Lair of Beasts
  9821 | Lair:1   | Found a frozen archway.
  9832 | IceCv    | Entered an ice cave
 10236 | IceCv    | Reached skill level 9 in Dodging
 11109 | IceCv    | Reached skill level 9 in Evocations
 11112 | IceCv    | HP: 9/76 [ice devil (13)]
 11386 | IceCv    | Noticed a necromancer
 11490 | IceCv    | Reached XP level 12. HP: 81/81 MP: 18/18
 11505 | IceCv    | Received a gift from Trog
 11513 | IceCv    | Got a jewelled plate armour
 11534 | IceCv    | Identified the cursed +0 plate armour "Jainlixa" {Int+4
                  | Dex+2} (You found it in an ice cave)
 11601 | IceCv    | Reached skill level 12 in Fighting
 11604 | IceCv    | Reached skill level 10 in Dodging
 11892 | Lair:1   | HP: 16/81 [blink frog (7)]
 11895 | Lair:1   | HP: 3/81 [blink frog (13)]
 11896 | Lair:1   | Mangled by a blink frog

Vault maps used:
D:1:      dpeg_arrival_ratfight, supply_closet_lemuel,
          wad_floor_pattern_untrapped, st_stairs_12
D:2:      chequers_serial_rivers_marsh, minmay_door_square,
          kennysheep_generic_room_15, uniq_terence, uniq_robin
D:3:      serial_undead, serial_undead_f, serial_undead_b, serial_undead_a,
          serial_undead_b, serial_undead_c, serial_undead_b, serial_undead_e,
          serial_undead_e, serial_undead_d, serial_undead_e
D:4:      minmay_temple_entry_sparse_star, first_ration
D:5:      minmay_polygon_palace, lightli_sewer_entry_pipes, serial_shops,
          kennysheep_mini_moat, grunt_decor_fettered
D:6:      minmay_skewed_foursquare, serial_shops, nicolae_shop_trees,
          kennysheep_mini, nicolae_shop_crystal, fedhas_altar_decomposition
D:7:      minmay_slanted_spiral_squares, old_standard_altar
D:8:      nemelex_dance_club_becter
D:9:      lair_entry_dummy, uniq_erolcha, uniq_pikel
Lair:1:   portal_ice_cave_entry_pillars_2
Sewer:    sewer_minmay_treatment
IceCv:    ice_cave_tombish

Skill      XL: |  1  2  3  4  5  6  7  8  9 10 11 12 |
---------------+-------------------------------------+-----
Stealth        | 1 2 3 4 5 6 8 10 | 10.0
Fighting       | 4 5 6 7 9 10 11 12 | 12.1
Short Blades   | 5 6 7 9 10 | 10.0
Dodging        | 4 7 9 10 | 10.1
Evocations     | 3 6 9 |  9.7
Armour         | |  1.5

Action                   |  1- 3 |  4- 6 |  7- 9 | 10-12 || total
-------------------------+-------+-------+-------+-------++-------
Melee: Short sword       |   112 |    17 |       |       ||   129
       Dagger            |       |   168 |   436 |   608 ||  1212
Invok: Berserk           |     3 |     1 |     1 |     6 ||    11
       Trog's Hand       |     1 |       |     1 |     4 ||     6
       Brothers in Arms  |       |       |       |     1 ||     1
Evoke: Wand              |       |       |     1 |    14 ||    15
  Use: Scroll            |     3 |     4 |     1 |    12 ||    20
       Potion            |       |       |     4 |    10 ||    14
 Stab: Sleeping          |     1 |     1 |     6 |    11 ||    19
       Distracted        |       |       |     1 |       ||     1
       Paralysed         |       |       |       |     2 ||     2
       Invisible         |       |       |       |     5 ||     5
  Eat: Chunk             |     5 |    10 |     5 |    25 ||    45
       Ration            |       |       |       |     5 ||     5
Armor: Ring mail         |    32 |    35 |    63 |    57 ||   187
       Animal skin       |     1 |       |       |       ||     1
       Plate armour      |       |       |       |    12 ||    12
Dodge: Dodged            |    81 |   124 |   186 |   287 ||   678
Block: Other             |       |       |    16 |    44 ||    60
       Reflection        |       |       |       |     1 ||     1

Table legend:
 A = Non-vault XP
 B = Vault XP
 C = Vault XP percentage of total XP
 D = Non-vault monster count
 E = Vault monster count
 F = Vault count percentage of total count
                 A         B        C        D         E       F
            +---------+---------+-------+---------+---------+-------
      Total |    6443 |   11139 |  63.4 |     150 |     144 |  49.0
            +---------+---------+-------+---------+---------+-------
        D:1 |      32 |       5 |  13.5 |      19 |       5 |  20.8
        D:2 |      91 |      84 |  48.0 |      15 |      14 |  48.3
        D:3 |     173 |     149 |  46.3 |      29 |       9 |  23.7
        D:4 |      75 |       0 |   0.0 |       2 |       0 |   0.0
        D:5 |     422 |     548 |  56.5 |       6 |      15 |  71.4
        D:6 |     751 |     908 |  54.7 |      18 |      12 |  40.0
        D:7 |    1705 |    2126 |  55.5 |      16 |      14 |  46.7
        D:8 |     703 |     125 |  15.1 |      13 |       2 |  13.3
        D:9 |    1830 |    1706 |  48.2 |      29 |       2 |   6.5
     Lair:1 |     661 |       0 |   0.0 |       3 |       0 |   0.0
      Sewer |       0 |     237 | 100.0 |       0 |      48 | 100.0
      IceCv |       0 |    5251 | 100.0 |       0 |      23 | 100.0
            +---------+---------+-------+---------+---------+-------

Vault maps used:
D:1:      dpeg_arrival_ratfight, supply_closet_lemuel,
          wad_floor_pattern_untrapped, st_stairs_12
D:2:      chequers_serial_rivers_marsh, minmay_door_square,
          kennysheep_generic_room_15, uniq_terence, uniq_robin
D:3:      serial_undead, serial_undead_f, serial_undead_b, serial_undead_a,
          serial_undead_b, serial_undead_c, serial_undead_b, serial_undead_e,
          serial_undead_e, serial_undead_d, serial_undead_e
D:4:      minmay_temple_entry_sparse_star, first_ration
D:5:      minmay_polygon_palace, lightli_sewer_entry_pipes, serial_shops,
          kennysheep_mini_moat, grunt_decor_fettered
D:6:      minmay_skewed_foursquare, serial_shops, nicolae_shop_trees,
          kennysheep_mini, nicolae_shop_crystal, fedhas_altar_decomposition
D:7:      minmay_slanted_spiral_squares, old_standard_altar
D:8:      nemelex_dance_club_becter
D:9:      lair_entry_dummy, uniq_erolcha, uniq_pikel
Lair:1:   portal_ice_cave_entry_pillars_2
Sewer:    sewer_minmay_treatment
IceCv:    ice_cave_tombish

Table legend:
 A = Turns spent in this place as a percentage of turns spent in the entire game.
 B = Non-inter-level travel turns spent in this place as a percentage of non-inter-level travel turns spent in the entire game.
 C = Inter-level travel turns spent in this place as a percentage of turns spent in this place.
 D = Turns resting spent in this place as a percentage of non-inter-level travel turns spent in this place.
 E = Turns spent auto-exploring this place as a percentage of non-inter-level travel turns spent in this place.
 F = Non-inter-level travel turns spent in this place divided by the number of levels of this place that you've seen.
                   A       B       C       D       E      F
               +-------+-------+-------+-------+-------+----------------------
         Total | 100.0 | 100.0 |   2.5 |  33.0 |  39.2 | 966.1
       Dungeon |  76.8 |  76.2 |   3.3 |  27.8 |  47.4 | 981.1
          Lair |   1.0 |   1.0 |   1.6 |   0.0 |   0.0 | 120.0
         Sewer |   5.6 |   5.8 |   0.0 |   9.1 |  49.5 | 667.0
      Ice Cave |  16.6 |  17.0 |   0.0 |  66.2 |   1.1 | 1976.0
               +-------+-------+-------+-------+-------+----------------------

Table legend:
 A = Kills in this place as a percentage of kills in entire the game.
 B = Kills by you in this place as a percentage of kills by you in the entire game.
 C = Kills by friends in this place as a percentage of kills by friends in the entire game.
 D = Other kills in this place as a percentage of other kills in the entire game.
 E = Experience gained in this place as a percentage of experience gained in the entire game.
 F = Experience gained in this place divided by the number of levels of this place that you have seen.
                   A       B       C       D       E      F
               +-------+-------+-------+-------+-------+----------------------
         Total | 100.0 | 100.0 | 100.0 |   N/A | 100.0 | 1465.2
       Dungeon |  74.8 |  74.6 | 100.0 |   N/A |  65.0 | 1270.3
          Lair |   1.0 |   1.0 |   0.0 |   N/A |   3.8 | 661.0
         Sewer |  16.3 |  16.5 |   0.0 |   N/A |   1.3 | 237.0
      Ice Cave |   7.8 |   7.9 |   0.0 |   N/A |  29.9 | 5251.0
               +-------+-------+-------+-------+-------+----------------------
